 Dungeon Sprint DCSS version 0.30.0-17-ge0270778cf (webtiles) character file.

Game seed: 4792599206123584952

4130 boopmooplesden the Warrior (level 10, 0/111 HPs)
             Began as a Minotaur Berserker on May 22, 2023.
             Was the Champion of Trog.
             Succumbed to a killer bee's poison
             ... in the Dungeon (Sprint III: "The Ten Rune Challenge").
             The game lasted 00:04:25 (1812 turns).

boopmooplesden the Warrior (Minotaur Berserker)     Turns: 1812, Time: 00:04:25

Health: 0/111      AC:  3    Str: 26    XL:     10   Next: 6%
Magic:  3/3        EV: 15    Int:  4    God:    Trog [******]
Gold:   19         SH:  0    Dex: 10    Spells: 9/9 levels left

rFire   . . .        b - +2 bardiche (antimagic)
rCold   + . .        (shield currently unavailable)
rNeg    . . .        o - +1 robe {rC+}
rPois   .            (helmet restricted)
rElec   .            (no cloak)
rCorr   .            (no gloves)
SInv    .            (no boots)
Will    .....        (no amulet)
Stlth   +++          (no ring)
HPRegen 0.38/turn    (no ring)
MPRegen 0.08/turn

%: no teleportation
@: lethally poisoned (0 -> -3), on berserk cooldown, hasted and slowed
A: horns 2, retaliatory headbutt, mutation resistance 1
a: Renounce Religion, Berserk, Trog's Hand, Brothers in Arms


You were in the Dungeon.
You worshipped Trog.
Trog was exalted by your worship.
You visited 1 branch You collected 19 gold pieces.

Inventory:

Hand Weapons
 a - a +0 spear
 b - a +2 antimagic bardiche (weapon)
 r - a +0 long sword of holy wrath
Armour
 o - a +1 robe of cold resistance (worn)
Wands
 n - a wand of charming (11)
Scrolls
 h - a scroll of blinking
 j - 2 scrolls of torment {unknown}
 k - a scroll of poison {unknown}
 m - 2 scrolls of identify
Potions
 f - 2 potions of magic
 g - a potion of berserk rage
 i - 2 potions of mutation
 l - 4 potions of flight
 p - a potion of might
Miscellaneous
 s - a phial of floods


   Skills:
 + Level 17.2 Fighting
 + Level 16.9 Polearms
 + Level 7.6 Armour
 + Level 10.5 Dodging
 + Level 5.1 Stealth
 + Level 0.4 Evocations


You had 9 spell levels left.
You didn't know any spells.
Your spell library was empty.

Dungeon Overview and Level Annotations

Branches:
Dungeon (1/1)

Altars:
Cheibriados
Dithmenos
Elyvilon
Fedhas
Gozag
Hepliaklqana
Kikubaaqudgha
Makhleb
Nemelex Xobeh
Okawaru
Qazlal
Ru
Sif Muna
Trog
Uskayaw
Vehumet
Wu Jian
Xom
Yredelemnul
Zin
The Shining One
Jiyva
Lugonu


Innate Abilities, Weirdness & Mutations

You have a pair of horns on your head.
You reflexively headbutt those who attack you in melee.
You are somewhat resistant to further mutation.


Message History

The killer bee barely misses you.
You slash the killer bee!
The killer bee is severely wounded.
The killer bee barely misses you. You furiously retaliate!
You headbutt the killer bee, but do no damage.
The killer bee closely misses you. You furiously retaliate!
You headbutt the killer bee.
You kill the killer bee!
Trog accepts your kill. The killer bee stings you.
* * * LOW HITPOINT WARNING * * *
You barely miss the killer bee. The killer bee stings you.
* * * LOW HITPOINT WARNING * * *
The killer bee closely misses you. The killer bee stings you.
* * * LOW HITPOINT WARNING * * *
The killer bee attacks as you move away!
The killer bee stings you.
* * * LOW HITPOINT WARNING * * *
The killer bee stings you.
* * * LOW HITPOINT WARNING * * *
The killer bee misses you. The killer bee closely misses you.
You furiously retaliate!
You headbutt the killer bee, but do no damage.
The killer bee closely misses you.
You slice the killer bee!!
You kill the killer bee!
Trog accepts your kill. The killer bee stings you.
* * * LOW HITPOINT WARNING * * *
You are lethally poisoned!
The killer bee poisons you! The killer bee misses you.
Unknown command.
Unknown command.
Unknown command.
You feel yourself speed up.
* * * LOW HITPOINT WARNING * * *
You feel sick.
The killer bee closely misses you. x2; You furiously retaliate!
You headbutt the killer bee. The killer bee completely misses you.
You furiously retaliate!
You headbutt the killer bee.
You die...

+###########################
..~~§'.#)'..)'.#@#.#yyyy.~≈#
.#~§§#.#)#...##.#.#.##...~≈#
.#[§§#.#.#...#.#.#y#.# ..~≈≈
.#.§§#...#...##.#.#.## .~~~
▓▓▓▓▓▓▓▓▓▓▓▓▓#.#.#.#.# ...
##.#.#.## .. +.#.#.#.# .
##.#.#.## #+#####


You could see a killer bee.

Vanquished Creatures
  Josephine (D)
  A centaur warrior (D)
  A deep elf pyromancer (D)
  An unseen horror (D)
  A shadow (D)
  2 centaurs (D)
  An earth elemental (D)
  A necrophage (D)
  A water elemental (D)
  26 killer bees (D)
  A jelly (D)
  Jessica (D)
  A wizard (D)
  A necromancer (D)
  3 humans (D)
  A kobold demonologist (D)
  A wolf (D)
  2 endoplasms (D)
  A rat (D)
48 creatures vanquished.

Vanquished Creatures (collateral kills)
  A queen bee (D)
1 creature vanquished.

Grand Total: 49 creatures vanquished

Notes
Turn   | Place    | Note
-------+----------+-------------------------------------------
     0 | D        | boopmooplesden the Minotaur Berserker began the quest for
                  | the Orb.
     0 | D        | Reached XP level 1. HP: 19/19 MP: 0/0
    11 | D        | Reached skill level 4 in Fighting
    42 | D        | Noticed Jessica
    47 | D        | Reached ** piety under Trog
    49 | D        | Killed Jessica
    50 | D        | Reached skill level 5 in Fighting
    50 | D        | Reached skill level 5 in Polearms
    50 | D        | Reached XP level 2. HP: 18/30 MP: 1/1
    50 | D        | Reached XP level 3. HP: 22/37 MP: 2/2
   116 | D        | Reached skill level 6 in Fighting
   127 | D        | Reached skill level 1 in Stealth
   169 | D        | Gained mutation: You are somewhat resistant to further
                  | mutation. [potion of mutation]
   325 | D        | Noticed a water elemental
   329 | D        | Killed a water elemental
   329 | D        | Reached *** piety under Trog
   330 | D        | Reached skill level 7 in Fighting
   330 | D        | Reached XP level 4. HP: 48/48 MP: 3/3
   380 | D        | Found a basalt altar of Yredelemnul.
   380 | D        | Found a shadowy altar of Dithmenos.
   380 | D        | Found a sacrificial altar of Ru.
   380 | D        | Noticed a necrophage
   386 | D        | Reached skill level 8 in Fighting
   386 | D        | Reached XP level 5. HP: 53/53 MP: 4/4
   391 | D        | Reached skill level 9 in Fighting
   523 | D        | Found a radiant altar of Vehumet.
   525 | D        | Found a shimmering blue altar of Sif Muna.
   525 | D        | Found an ancient bone altar of Kikubaaqudgha.
   526 | D        | Reached **** piety under Trog
   527 | D        | Reached skill level 5 in Dodging
   581 | D        | Found a hide-covered altar of Uskayaw.
   581 | D        | Found an iron altar of Okawaru.
   581 | D        | Found a bloodstained altar of Trog.
   581 | D        | Found an ornate altar of the Wu Jian Council.
   581 | D        | Noticed a human
   581 | D        | Noticed a human
   588 | D        | Killed a human
   589 | D        | Reached skill level 10 in Fighting
   589 | D        | Reached skill level 10 in Polearms
   589 | D        | Reached skill level 5 in Armour
   589 | D        | Reached XP level 6. HP: 65/67 MP: 5/5
   591 | D        | Killed a human
   592 | D        | Reached skill level 11 in Fighting
   592 | D        | Reached XP level 7. HP: 67/74 MP: 6/6
   671 | D        | Found a glowing silver altar of Zin.
   673 | D        | Found a glowing golden altar of the Shining One.
   673 | D        | Found a white marble altar of Elyvilon.
   673 | D        | Noticed a deep elf pyromancer
   677 | D        | Noticed a fire elemental
   682 | D        | Killed a deep elf pyromancer
   683 | D        | Reached skill level 12 in Fighting
   728 | D        | Noticed a shadow
   734 | D        | Killed a shadow
   734 | D        | Reached ***** piety under Trog
   735 | D        | Reached skill level 13 in Fighting
   735 | D        | Reached XP level 8. HP: 86/86 MP: 7/7
   915 | D        | Found a blossoming altar of Fedhas.
   915 | D        | Found a stormy altar of Qazlal.
   915 | D        | Found a snail-covered altar of Cheibriados.
   915 | D        | Found a burning altar of Makhleb.
   915 | D        | Found a shimmering altar of Xom.
   916 | D        | Found a hazy altar of Hepliaklqana.
   916 | D        | Found an opulent altar of Gozag.
   916 | D        | Found a sparkling altar of Nemelex Xobeh.
   916 | D        | Found a corrupted altar of Lugonu.
   916 | D        | Found a viscous altar of Jiyva.
  1011 | D        | Noticed Josephine
  1128 | D        | Killed Josephine
  1129 | D        | Reached skill level 14 in Fighting
  1405 | D        | Noticed a centaur warrior
  1415 | D        | Killed a centaur warrior
  1416 | D        | Reached skill level 15 in Fighting
  1416 | D        | Reached skill level 15 in Polearms
  1416 | D        | Reached XP level 9. HP: 97/97 MP: 8/8
  1568 | D        | Killed an unseen horror
  1569 | D        | Reached skill level 16 in Fighting
  1731 | D        | Noticed a queen bee
  1740 | D        | Received a gift from Trog
  1760 | D        | Killed a queen bee
  1767 | D        | Reached skill level 10 in Dodging
  1779 | D        | Reached ****** piety under Trog
  1788 | D        | Reached skill level 5 in Stealth
  1794 | D        | Reached skill level 17 in Fighting
  1794 | D        | Received a gift from Trog
  1795 | D        | Reached XP level 10. HP: 50/111 MP: 3/9
  1810 | D        | HP: 2/111 [killer bee (5)]
  1812 | D        | Succumbed to a killer bee's poison

Illustrated notes

Levels and vault maps discovered:
D:        dungeon_sprint_mu [sprint_mu_entry_cave, sprint_mu_temple_rooms,
          sprint_mu_d1_horrors, sprint_mu_d2_genie, sprint_mu_d3_branching,
          sprint_mu_orc_legion, sprint_mu_elf_gauntlet, sprint_mu_hive_nellie,
          sprint_mu_lair_fedhas, sprint_mu_vaults_butterflies,
          sprint_mu_slime_circle, sprint_mu_swamp_cave, sprint_mu_shoals_kraken,
          sprint_mu_blade_basic, sprint_mu_crypt_chambers,
          sprint_mu_tomb_spiral, sprint_mu_vestibule_basic,
          sprint_mu_gehenna_hellfire, sprint_mu_dis_giant,
          sprint_mu_tartarus_statrot, sprint_mu_cocytus_islands, sprint_mu_zot1]

Skill      XL: |  1  2  3  4  5  6  7  8  9 |
---------------+----------------------------+-----
Fighting       | 5 7 8 10 11 13 15 17 | 17.2
Polearms       | 5 7 8 10 11 13 15 16 | 16.9
Armour         | 3 4 5 6 7 |  7.6
Dodging        | 3 4 5 6 7 9 10 | 10.5
Stealth        | 1 2 3 4 5 |  5.1
Evocations     | |  0.4

Action                     |  1- 3 |  4- 6 |  7- 9 | 10-12 || total
---------------------------+-------+-------+-------+-------++-------
  Melee: Spear             |    26 |    22 |    66 |       ||   114
         Headbutt          |     3 |     5 |    19 |       ||    27
         Punch             |       |       |     1 |       ||     1
         Bardiche          |       |       |    29 |    12 ||    41
 Invoke: Berserk           |     2 |     3 |     8 |       ||    13
         Trog's Hand       |       |       |     1 |       ||     1
         Brothers in Arms  |       |       |     1 |       ||     1
  Evoke: Phial of floods   |       |       |     1 |       ||     1
    Use: Potion            |     1 |       |     3 |     2 ||     6
   Stab: Sleeping          |     1 |       |       |       ||     1
 Armour: Animal skin       |     2 |       |       |       ||     2
         Robe              |       |       |    20 |       ||    20
  Dodge: Dodged            |    10 |     3 |    67 |    21 ||   101
